 Dungeon Crawl Stone Soup version 0.32-a0-893-gf85d74f360 (webtiles) character file.

Game seed: 15875863399957854238

33908 wilfster70 the Severer (level 13, -1/178 HPs)
             Began as a Mountain Dwarf Berserker on Apr 3, 2024.
             Was an Elder of Trog.
             Succumbed to a cane toad's poison
             ... on level 5 of the Lair of Beasts.
             The game lasted 00:37:58 (16306 turns).

wilfster70 the Severer (Mountain Dwarf Berserker)  Turns: 16306, Time: 00:37:58

Health: -1/178     AC: 30    Str: 23    XL:     13   Next: 39%
Magic:  13/13      EV:  3    Int: 10    God:    Trog [****..]
Gold:   813        SH:  0    Dex:  9    Spells: 12/12 levels left

rFire   . . .        b - +2 flail (protect)
rCold   . . .        (no shield)
rNeg    . . .        t - +0 plate armour
rPois   .            w - +2 helmet
rElec   .            o - +2 cloak
rCorr   .            (no gloves)
SInv    .            j - +1 pair of boots
Will    ++...        G - amulet of the acrobat Stlth
                     c - ring of willpower
HPRegen 0.49/turn    (no ring)
MPRegen 0.13/turn

%: acrobat
@: berserking (expiring), lethally poisoned (-1 -> -35), petrifying (expiring),
under a protective aura, quick
A: runic magic, artefact enchanting
a: Renounce Religion, Berserk, Trog's Hand, Brothers in Arms


You were on level 5 of the Lair of Beasts.
You worshipped Trog.
Trog was greatly pleased with you.
You visited 2 branches of the dungeon, and saw 16 of its levels.
You also visited: Sewer.

You collected 869 gold pieces.
You spent 56 gold pieces at shops.

Inventory:

Hand Weapons
 a - a +1 vampiric broad axe
 b - a +2 flail of protection (weapon)
Missiles
 h - 48 poisoned darts (quivered)
 k - 11 curare-tipped darts
Armour
 j - a +1 pair of boots (worn)
 o - a +2 cloak (worn)
 t - a +0 plate armour (worn)
 w - a +2 helmet (worn)
Jewellery
 c - a ring of willpower (left hand)
 s - a ring of fire
 G - an amulet of the acrobat (around neck)
 I - a ring of protection from fire
Wands
 f - a wand of roots (6)
 l - a wand of flame (22)
 u - a wand of digging (4)
 y - a wand of acid (4)
 C - a wand of mindburst (3)
 H - a wand of polymorph (6)
Scrolls
 e - 9 scrolls of teleportation
 g - a scroll of silence {unknown}
 n - a scroll of immolation
 q - 4 scrolls of fear
 r - a scroll of identify
 x - a scroll of torment
 B - a scroll of poison
 E - 3 scrolls of fog
 F - a scroll of blinking
Potions
 d - 4 potions of might
 i - 2 potions of mutation
 m - 3 potions of heal wounds
 p - 4 potions of haste
 v - 3 potions of invisibility
 z - 6 potions of curing
 A - 3 potions of enlightenment
Miscellaneous
 D - a tin of tremorstones (2/2)


   Skills:
 * Level 12.5 Fighting
 - Level 18.0 Axes
 - Level 4.5 Throwing
 + Level 10.1 Armour
 - Level 1.3 Dodging
 - Level 10.0 Evocations


You had 12 spell levels left.
You didn't know any spells.
Your spell library was empty.

Dungeon Overview and Level Annotations

Branches:
Dungeon (11/15)            Temple (0/1) D:7            Lair (5/5) D:11
 Shoals (0/4) Lair:2       Spider (0/4) Lair:3        Slime (0/5) Lair:4
    Orc (0/2) D:10          Sewer (visited)

Altars:
Dithmenos
Kikubaaqudgha
Makhleb
Nemelex Xobeh
Okawaru
Zin
Beogh
Jiyva

Shops:
D:7 (   D:10 *

Annotations:
D:4 3 runed translucent doors, zyxw121's ghost, amateur HuBr
D:6 2 transporters, Konar's ghost, novice CoHu
D:7 2 transporters, zyxw121's ghost, novice MiBe
Lair:5 1 transporter, Autsider's ghost, journeyman TrFi


Innate Abilities, Weirdness & Mutations

Your spellcasting is much less encumbered by armour.
You can use scrolls of enchantment on lesser artefacts.


Message History

You are too injured to fight recklessly!
You barely miss the catoblepas.
You feel sick.
The cane toad stings you but does no damage.
You sock the catoblepas!
The catoblepas is lightly wounded.
You feel sick. The catoblepas gores you!
* * * LOW HITPOINT WARNING * * *
You sock the catoblepas!
The catoblepas is moderately wounded.
You feel sick. The cane toad stings you!
* * * LOW HITPOINT WARNING * * *
You are more poisoned.
The cane toad poisons you!
You sock the catoblepas!
The catoblepas is moderately wounded.
You feel very sick.
The catoblepas breathes a plume of calcifying dust at you.
The blast of calcifying dust hits you!
* * * LOW HITPOINT WARNING * * *
The cane toad completely misses you.
You sock the catoblepas!
The catoblepas is heavily wounded.
You are engulfed in calcifying dust.
You are slowing down.
You feel sick.
You hear the loud beating of a very distant drum.
You feel very sick. The cane toad misses you.
You thump the cane toad!
The cane toad is heavily wounded.
You feel very sick. The cane toad stings you!
* * * LOW HITPOINT WARNING * * *
You are more poisoned.
The cane toad poisons you! The catoblepas gores you!
* * * LOW HITPOINT WARNING * * *
Your limbs are stiffening.
You hit the cane toad.
The cane toad is heavily wounded.
You die...

#....#....PP....#.
#
#....#.#.#..<...©#F
#####.#.##.......#Y
#####........##
###....#P....#
#......##.#...
#.....#..# .# ..
##.#.##.## # .
#####@.# ##YFS#
#...## ##...#
#....# ##....
##..## .... ..P.


You could see a catoblepas, a cane toad and a water moccasin.

Vanquished Creatures
  5 hydras
  The ghost of happinesssam the Blinker, a journeyman DjAr of Hepliaklqana (D:11)
  2 two-headed ogres
  A boulder beetle (Lair:1)
  A centaur warrior (D:11)
  Urug (Lair:3)
  A pharaoh ant (Lair:3)
  A skyshark (Lair:2)
  6 black mambas
  8 cane toads
  An unseen horror (D:11)
  3 rime drakes
  4 komodo dragons
  A polar bear (Lair:4)
  4 trolls
  2 hornets
  A tarantella (Lair:3)
  10 blink frogs (Lair:3)
  7 dream sheep (Lair:5)
  6 wyverns
  Eustachio (D:4)
  35 yaks
  2 wraiths
  6 basilisks
  A steam dragon (D:7)
  A redback (Lair:3)
  7 vampire mosquitoes (D:11)
  Edmund (D:4)
  2 acid dragons
  11 water moccasins
  3 orc warriors
  2 black bears
  An ice beast (D:5)
  2 ogres
  10 centaurs
  6 wolves (Lair:2)
  9 kobold brigands
  13 bullfrogs
  9 scorpions
  3 wights (D:9)
  10 killer bees
  6 howler monkeys
  6 hounds
  A bombardier beetle (D:5)
  2 jellies (D:6)
  Crazy Yiuf (D:3)
  9 orc priests
  4 iguanas
  12 orc wizards
  4 gnolls (D:4)
  3 river rats
  11 adders
  4 shadow imps
  5 white imps
  An ufetubus (D:4)
  5 dart slugs
  4 ribbon worms (Sewer)
  38 orcs
  5 ball pythons
  4 bats
  13 endoplasms
  6 giant cockroaches
  9 goblins
  5 hobgoblins
  4 jackals (D:2)
  20 kobolds
  2 quokkas (D:3)
  5 frilled lizards
  8 rats
398 creatures vanquished.

Notes
Turn   | Place    | Note
-------+----------+-------------------------------------------
     0 | D:1      | wilfster70 the Mountain Dwarf Berserker began the quest for
                  | the Orb.
     0 | D:1      | Reached XP level 1. HP: 19/19 MP: 1/1
   290 | D:1      | Found a faded altar of an unknown god.
   315 | D:1      | Reached skill level 4 in Axes
   409 | D:1      | Reached XP level 2. HP: 26/26 MP: 2/2
   743 | D:2      | Found an ancient bone altar of Kikubaaqudgha.
   830 | D:2      | Reached XP level 3. HP: 22/33 MP: 3/3
  1211 | D:2      | Reached skill level 5 in Axes
  1292 | D:2      | Reached ** piety under Trog
  1594 | D:3      | Reached XP level 4. HP: 40/40 MP: 4/4
  2362 | D:3      | Found a runed translucent door.
  2363 | D:3      | Noticed Crazy Yiuf
  2375 | D:3      | Killed Crazy Yiuf
  2376 | D:3      | Reached skill level 6 in Axes
  2599 | D:4      | Noticed a bullfrog
  2607 | D:4      | Reached XP level 5. HP: 47/47 MP: 5/5
  2804 | D:4      | Noticed Edmund
  2825 | D:4      | Killed Edmund
  2826 | D:4      | Reached skill level 5 in Fighting
  2826 | D:4      | Reached skill level 7 in Axes
  2826 | D:4      | Reached XP level 6. HP: 55/56 MP: 6/6
  3170 | D:4      | Reached skill level 8 in Axes
  3220 | D:4      | Reached XP level 7. HP: 62/62 MP: 7/7
  3291 | D:4      | Found a runed translucent gate.
  3292 | D:4      | Found a runed translucent gate.
  3293 | D:4      | Found a runed translucent gate.
  3293 | D:4      | Noticed zyxw121's ghost (amateur HuBr)
  3679 | D:4      | Noticed Eustachio
  3796 | D:4      | Killed Eustachio
  4163 | D:5      | Entered Level 5 of the Dungeon
  4232 | D:4      | Reached skill level 9 in Axes
  4338 | D:5      | Reached XP level 8. HP: 62/71 MP: 8/8
  4363 | D:5      | Reached skill level 10 in Axes
  4901 | D:5      | Reached skill level 11 in Axes
  5302 | D:6      | Reached XP level 9. HP: 81/81 MP: 9/9
  5309 | D:6      | Found a glowing drain.
  5319 | Sewer    | Entered a sewer
  5382 | Sewer    | Reached skill level 12 in Axes
  5556 | Sewer    | Reached *** piety under Trog
  6284 | D:6      | Reached skill level 10 in Fighting
  6381 | D:6      | Found a transporter.
  6389 | D:6      | Noticed a toenail golem
  6396 | D:6      | Noticed a soul eater
  6419 | D:6      | Found a transporter.
  6419 | D:6      | Noticed Konar's ghost (novice CoHu)
  6823 | D:7      | Paralysed by a hornet for 3 turns
  6828 | D:7      | Reached XP level 10. HP: 54/97 MP: 10/10
  7101 | D:7      | Found a transporter.
  7108 | D:7      | Found a transporter.
  7108 | D:7      | Noticed a two-headed ogre
  7108 | D:7      | Noticed zyxw121's ghost (novice MiBe)
  7128 | D:7      | Reached skill level 1 in Throwing
  7309 | D:7      | Found a staircase to the Ecumenical Temple.
  7535 | D:7      | Found Cilaonen's Weapon Shoppe.
  7543 | D:7      | Bought a +0 broad axe for 56 gold pieces
  7619 | D:8      | Noticed a two-headed ogre
  7623 | D:8      | Killed a two-headed ogre
  7722 | D:8      | Identified the +4 scale mail of the Gloaming {Dex+2}
  7735 | D:8      | Found a glowing silver altar of Zin.
  7744 | D:8      | Found a shadowy altar of Dithmenos.
  7744 | D:8      | Found a burning altar of Makhleb.
  7755 | D:8      | Found an iron altar of Okawaru.
  7756 | D:8      | Found a sparkling altar of Nemelex Xobeh.
  7916 | D:8      | Reached skill level 5 in Armour
  8607 | D:9      | Reached skill level 1 in Evocations
  9224 | D:10     | Entered Level 10 of the Dungeon
  9470 | D:10     | Reached XP level 11. HP: 104/104 MP: 11/11
  9488 | D:10     | Identified the +3 long sword of the Valley {drain, rF+}
  9572 | D:10     | Found a staircase to the Orcish Mines.
  9575 | D:10     | Noticed a two-headed ogre
  9585 | D:10     | Killed a two-headed ogre
  9586 | D:10     | Reached skill level 5 in Evocations
  9837 | D:10     | Found Kytwel's General Store.
 10166 | D:10     | Found a roughly hewn altar of Beogh.
 10192 | D:10     | You fall into a shaft and drop 1 floor!
 10299 | D:11     | Found a runed translucent door.
 10331 | D:11     | Noticed happinesssam's ghost (journeyman DjAr)
 10331 | D:11     | Noticed a centaur warrior
 10342 | D:11     | Killed a centaur warrior
 10349 | D:11     | Killed happinesssam's ghost
 10430 | D:11     | Found a staircase to the Lair.
 10694 | D:11     | Reached **** piety under Trog
 10829 | D:11     | Found a shadowy altar of Dithmenos.
 11281 | Lair:1   | Entered Level 1 of the Lair of Beasts
 11479 | Lair:1   | Reached skill level 10 in Evocations
 11481 | Lair:1   | Reached XP level 12. HP: 112/112 MP: 12/12
 11542 | Lair:1   | Reached skill level 10 in Armour
 11803 | Lair:1   | Noticed a boulder beetle
 11819 | Lair:1   | Killed a boulder beetle
 11882 | Lair:1   | Reached skill level 13 in Axes
 11986 | Lair:1   | Noticed a six-headed hydra
 12011 | Lair:1   | Killed a six-headed hydra
 12600 | Lair:2   | Found a staircase to the Shoals.
 12613 | Lair:2   | Noticed an eight-headed hydra
 12614 | Lair:2   | Reached skill level 14 in Axes
 12629 | Lair:2   | Killed a ten-headed hydra
 12798 | Lair:2   | Reached skill level 15 in Axes
 12941 | Lair:2   | You fall into a shaft and drop 1 floor!
 13930 | Lair:3   | Noticed Urug
 13942 | Lair:3   | Killed Urug
 13943 | Lair:3   | Reached skill level 16 in Axes
 14001 | Lair:3   | Found a hole to the Spider Nest.
 14357 | Lair:3   | Reached XP level 13. HP: 112/113 MP: 13/13
 14921 | Lair:4   | Reached skill level 17 in Axes
 15734 | Lair:4   | Found a staircase to the Slime Pits.
 15735 | Lair:4   | Found a viscous altar of Jiyva.
 16007 | Lair:5   | Entered Level 5 of the Lair of Beasts
 16041 | Lair:5   | Noticed Autsider's ghost (journeyman TrFi)
 16232 | Lair:5   | Reached skill level 18 in Axes
 16273 | Lair:5   | Found a transporter.
 16305 | Lair:5   | HP: 3/178 [catoblepas (7)]
 16306 | Lair:5   | Succumbed to a cane toad's poison

Illustrated notes

Levels and vault maps discovered:
D:1:      dreamdust_arrival_beginning_and_end, layout_basic,
          chequers_ecumenical_altar_island, corexii_corridor_pit
D:2:      layout_basic, basic_altar
D:3:      layout_basic, minmay_hedge_maze, uniq_crazy_yiuf_cottage
D:4:      layout_basic, gammafunk_ghost_nasty_kobolds, uniq_eustachio,
          uniq_edmund
D:5:      layout_basic, serial_demonic, serial_demonic_a, serial_demonic_e,
          serial_demonic_e, serial_demonic_e, minmay_joined_circles
D:6:      layout_basic, mainiacjoe_sewer_entry_somewhere_in_here_2,
          gammafunk_ghost_abyssal_escape, serial_glass, glass_columns_b,
          glass_columns_c
D:7:      layout_cave_pools, minmay_temple_entry_stoned_glass, serial_shops,
          shop, gammafunk_ghost_smash
D:8:      layout_loops_cross, grunt_temple_overflow_open, grunt_decor_resistance
D:9:      layout_loops_corners
D:10:     layout_basic, minmay_orc_entry_temple_small, serial_shops,
          nicolae_shop_crystal, nrook_campfire, kennysheep_generic_room_12
D:11:     layout_rooms, minmay_lair_entry_grove, ebering_ghost_inner_flame,
          nicolae_dithmenos_shadow_blocks
Lair:1:   cheibrodos_lair_river_kwai, layout_hall_layers,
          minmay_stone_trees_small
Lair:2:   layout_regular_city, minmay_shoals_entry_centaurs
Lair:3:   layout_cave_pods, nicolae_spider_entry_lesser_pyramids, serial_forest,
          infiniplex_forest_end_1, infiniplex_forest_clump_small,
          infiniplex_forest_clump_curved, infiniplex_forest_lined_corner,
          infiniplex_forest_straight_4, infiniplex_forest_diagonal,
          infiniplex_forest_lined_room_2, infiniplex_forest_lined_2, uniq_urug
Lair:4:   layout_regular_city, slime_entry_1, nicolae_quartered_pool_impasse,
          lemuel_fruit_fields
Lair:5:   evil_forest, layout_misc_corridors, gauntlet_entry_generic,
          special_room [special_room_jelly], nzn_ghost_randoct

Skill      XL: |  1  2  3  4  5  6  7  8  9 10 11 12 13 |
---------------+----------------------------------------+-----
Axes           | 4 5 6 7 8 9 11 12 16 18 | 18.0
Fighting       | 4 5 6 8 12 | 12.5
Throwing       | 4 |  4.5
Armour         | 7 9 10 | 10.1
Evocations     | 4 10 | 10.0
Dodging        | |  1.3

Action                     |  1- 3 |  4- 6 |  7- 9 | 10-12 | 13-15 || total
---------------------------+-------+-------+-------+-------+-------++-------
  Melee: Hand axe          |   108 |   144 |   473 |    47 |       ||   772
         Broad axe         |       |       |       |   551 |   134 ||   685
         Flail             |       |       |       |    13 |    44 ||    57
 Invoke: Berserk           |     3 |     8 |    16 |    24 |     6 ||    57
         Trog's Hand       |       |     2 |     7 |     6 |     1 ||    16
    Use: Scroll            |       |     2 |    16 |     8 |       ||    26
         Potion            |       |       |       |       |     1 ||     1
 Armour: Leather armour    |    59 |       |       |       |       ||    59
         Animal skin       |     4 |       |       |       |       ||     4
         Scale mail        |     1 |    87 |   121 |       |       ||   209
         Plate armour      |       |       |   332 |   990 |   219 ||  1541
  Dodge: Dodged            |    68 |    55 |   153 |   316 |    73 ||   665

Table legend: (Time is in decaauts)
 A = Elapsed time spent in this place.
 B = Non-inter-level travel time spent in this place.
 C = Inter-level travel time spent in this place.
 D = Time resting spent in this place.
 E = Time spent auto-exploring this place.
 F = Levels seen in this place.
 G = Mean time per level.
                   A        B        C        D        E       F      G
               +--------+--------+--------+--------+--------+-----+--------+
         Total |  16871 |  16390 |    481 |   4135 |   6444 |  17 |  992.4 |
       Dungeon |  10808 |  10485 |    323 |   2392 |   4379 |  11 |  982.5 |
          Lair |   5093 |   4936 |    157 |   1499 |   2065 |   5 | 1018.6 |
         Sewer |    969 |    969 |      0 |    244 |      0 |   1 |  969.0 |
               +--------+--------+--------+--------+--------+-----+--------+

Top non-repeatable levels by time:
     D:4: 1625 daAuts
  Lair:3: 1532 daAuts
  Lair:1: 1258 daAuts
  Lair:4: 1203 daAuts
     D:3: 1177 daAuts
     D:6: 1140 daAuts
    D:10: 1098 daAuts
    D:11: 1035 daAuts
     D:2: 988 daAuts
   Sewer: 969 daAuts
  Lair:2: 955 daAuts
     D:9: 923 daAuts
     D:5: 886 daAuts
     D:8: 725 daAuts
     D:1: 607 daAuts
